 Dungeon Crawl Stone Soup version bcrawl-1.12-8-g964540c432 (webtiles) character file.

Game seed: 4152806779694647231

242 MisterOstroum the Chopper (level 5, -2/36 HPs)
             Began as a Dusk Walker Archaeologist on June 4, 2019.
             Killed by nerve-wracking pain
             ... invoked by an orc priest
              (13 damage)
             ... on level 4 of the Dungeon.
             The game lasted 00:09:16 (3284 turns).

MisterOstroum the Chopper (DWAc)                    Turns: 3284, Time: 00:09:16

Health: -2/36      AC: 12    Str: 11    XL:     5   Next: 81%
Magic:  5/5        EV:  4    Int: 14    God:
Gold:   89         SH: 10    Dex: 13    Spells: 4/4 levels left

rFire    . . .     SeeInvis .   y - +0 short sword
rCold    . . .     Gourm    .   k - +0 large shield
rNeg     . . .     Faith    .   r - +0 scale mail
rPois    .         Spirit   .   b - +1 hat
rElec    .         Reflect  .   p - +0 cloak
rCorr    +         Harm     .   d - +1 pair of gloves
MR       .....                  c - +1 pair of boots
Stlth    +++.......             (no amulet)
HPRegen  0.12/turn              i - ring of resist corrosion
MPRegen  0.09/turn              (no ring)

@: studying Axes
A: draining touch, unencumbered stealth, fangs 2, nightstalker 1
a: no special abilities


You were on level 4 of the Dungeon.
You were hungry.

You visited 1 branch of the dungeon, and saw 4 of its levels.

You collected 89 gold pieces.

Inventory:

Hand Weapons
 h - a +0 flail
 y - a +0 short sword (weapon)
Missiles
 l - 113 javelins
 m - 119 stones (quivered)
Armour
 b - a +1 hat (worn)
 c - a +1 pair of boots (worn)
 d - a +1 pair of gloves (worn)
 k - a +0 large shield (worn)
 p - a +0 cloak (worn)
 r - a +0 scale mail (worn)
Jewellery
 a - an uncursed ring of protection from fire {unknown}
 i - a ring of resist corrosion (left hand)
 v - a +4 ring of intelligence {unknown}
Scrolls
 j - 2 scrolls of remove curse {@r2}
 o - a scroll of noise {unknown}
 q - a scroll of enchant weapon {unknown}
 u - a scroll of fear {unknown}
 z - a scroll of identify {@r1}
Potions
 n - a potion of degeneration {unknown}
 s - a potion of mutation {unknown}
 t - a potion of curing {@q1 !q}
 w - 2 potions of haste {unknown}
Books
 g - a manual of Axes
Miscellaneous
 f - an ancient crate
Comestibles
 e - 7 rations {!d}
 x - 2 chunks of flesh


   Skills:
 - Level 3.0 Fighting
 * Level 6.3 Axes
 - Level 3.0 Dodging
 - Level 5.0 Stealth


You had 4 spell levels left.
You didn't know any spells.
Your spell library contained the following spells:

 Spells                   Type           Power        Failure   Level  Hunger
 Magic Dart               Conj           #...         100%        1    ##.....
 Slow                     Hex            #.......     100%        1    ##.....
 Blink                    Tloc           N/A          100%        2    ###....
 Call Imp                 Summ           #.......     100%        2    ###....
 Conjure Flame            Conj/Fire      #.......     100%        3    ####...
 Mephitic Cloud           Conj/Pois/Air  #.......     100%        3    ####...


Dungeon Overview and Level Annotations

Branches:
Dungeon (4/12)
 Temple: D:4-7

Altars:
Fedhas
Hepliaklqana


Innate Abilities, Weirdness & Mutations

Your attacks drain your enemies.
You move stealthily even while encumbered by armour.
You have extremely sharp teeth.
You are slightly more attuned to the shadows.


Message History

You see here a bullfrog skeleton.
You see here a dagger.
Things that are here:
a +0 whip; an orc skeleton; an adder skeleton
Found a stone staircase leading down.
There is a hazy altar of Hepliaklqana here.
Some of the chunks of flesh in your inventory have rotted away.
A hobgoblin comes into view. It is wielding a +0 club.
A hobgoblin is nearby!
The helpless hobgoblin fails to defend itself.
You puncture the hobgoblin!
You kill the hobgoblin!
Things that are here:
a +0 club; a hobgoblin corpse You butcher the hobgoblin corpse.
x - 7 chunks of flesh (gained 2)
Things that are here:
a +0 club; a hobgoblin skeleton You see here 113 arrows.
You see here 113 arrows.
There is a stone staircase leading down here.
There is a stone staircase leading down here.
You climb downwards.
There is a stone staircase leading up here.
A worm comes into view.
Found a scroll of identify.
The worm bites you but does no damage.
You hit the worm. You drain the worm.
The worm is heavily wounded.
The worm bites you but does no damage.
You hit the worm.
The worm is severely wounded.
Your shield and scale mail prevent you from hitting the worm.
The worm is severely wounded.
The worm bites you.
You hit the worm. You drain the worm.
The worm is almost dead.
The worm bites you.
You kill the worm!
z - a scroll of identify {@r1} Some of the chunks of flesh in your inventory have rotted away.
HP restored.
Some of the chunks of flesh in your inventory have rotted away.
An orc comes into view. It is wielding a +0 club.
An orc and an orc priest come into view.
An orc and an orc priest come into view.
The orc priest shouts! x2; The orc shouts!
The orc moves out of view.
The orc shouts!
The orc priest invokes the aid of Beogh against you.
Beogh smites you!
You hear a shout!
You hit the orc but do no damage. You drain the orc. You bite the orc.
The orc is severely wounded.
The orc hits you but does no damage.
You closely miss the orc.
The orc is severely wounded.
The orc hits you but does no damage.
You hit the orc.
You kill the orc!
You start resting.
The orc priest is too close now for your liking.
The orc priest shouts!
The orc priest hits you but does no damage.
Things that are here:
a +0 club; an orc corpse You hit the orc priest but do no damage.
You drain the orc priest.
The orc priest is lightly wounded.
The orc priest hits you but does no damage.
Your shield and scale mail prevent you from hitting the orc priest.
The orc priest is lightly wounded.
The orc priest barely misses you.
Your shield and scale mail prevent you from hitting the orc priest.
The orc priest is lightly wounded.
The orc priest invokes the aid of Beogh against you.
Pain shoots through your body!
You hit the orc priest. You drain the orc priest.
The orc priest is heavily wounded.
The orc priest barely misses you. You block the orc priest's attack.
You hit the orc priest.
The orc priest is severely wounded.
The orc priest completely misses you.
You hit the orc priest but do no damage.
You drain the orc priest.
The orc priest is almost dead.
The orc priest barely misses you.
You hit the orc priest.
You kill the orc priest!
Your Axes skill increases to level 6!
The orc priest mumbles some strange prayers to Beogh against you.
Beogh smites you! The orc hits you but does no damage.
You closely miss the orc.
You are feeling hungry.
You block the orc's attack.
You hit the orc.
You kill the orc!
The orc priest calls down the wrath of Beogh upon you.
Pain shoots through your body!
You die...

# # # #
###################
..........o.o...o.#
################)##
##...........<##@#
##.#############.#
#.# #.# #.# #.#
#.########## #.#
#..........# #.#
###########.# #.#
... #.# #.# ##. #.#
#.#


You could see an orc priest.

Vanquished Creatures
  A bullfrog (D:3)
  An orc priest (D:4)
  An iguana (D:4)
  A gnoll (D:3)
  3 adders (D:3)
  2 oozes
  3 worms
  3 dart slugs
  2 leopard geckos (D:2)
  5 orcs
  2 ball pythons (D:2)
  2 giant cockroaches
  9 hobgoblins
  2 jackals (D:2)
  5 kobolds
  2 quokkas (D:3)
  4 bats
  4 frilled lizards
  3 goblins (D:2)
  6 rats
61 creatures vanquished.

Notes
Turn   | Place    | Note
-------+----------+-------------------------------------------
     0 | D:1      | MisterOstroum the Dusk Walker Archaeologist began the quest
                  | for the Orb.
     0 | D:1      | Reached XP level 1. HP: 13/13 MP: 1/1
   502 | D:1      | Reached XP level 2. HP: 16/19 MP: 2/2
   936 | D:2      | Reached XP level 3. HP: 26/26 MP: 3/3
  1084 | D:2      | Reached skill level 1 in Axes
  1719 | D:2      | Reached skill level 2 in Axes
  1840 | D:2      | Found a blossoming altar of Fedhas.
  1984 | D:3      | Reached skill level 5 in Stealth
  2032 | D:3      | Gained mutation: You are slightly more attuned to the
                  | shadows. [Dusk Walker growth]
  2032 | D:3      | Reached XP level 4. HP: 25/31 MP: 4/4
  2335 | D:3      | Reached skill level 3 in Axes
  2674 | D:4      | Reached skill level 4 in Axes
  2811 | D:4      | Noticed a hippogriff
  2858 | D:3      | Reached XP level 5. HP: 26/36 MP: 5/5
  2970 | D:3      | Found a hazy altar of Hepliaklqana.
  2990 | D:3      | Reached skill level 5 in Axes
  3282 | D:4      | Reached skill level 6 in Axes
  3284 | D:4      | Killed from afar by an orc priest

Skill      XL: |  1  2  3  4  5 |
---------------+----------------+-----
Fighting       | 2 3 |  3.0
Axes           | 2 4 6 |  6.3
Stealth        | 5 |  5.0
Dodging        | |  3.0

Action                   |  1- 3 |  4- 6 || total
-------------------------+-------+-------++-------
Melee: Unarmed           |    68 |       ||    68
       Bite              |    15 |     7 ||    22
       Dagger            |    65 |     5 ||    70
       Flail             |       |    67 ||    67
       Short sword       |       |    28 ||    28
Throw: Javelin           |    29 |       ||    29
       Stone             |    12 |     1 ||    13
  Use: Scroll            |     2 |       ||     2
       Potion            |       |     1 ||     1
 Stab: Sleeping          |     5 |     4 ||     9
  Eat: Chunk             |     4 |       ||     4
       Ration            |       |     1 ||     1
Armor: Ring mail         |    60 |       ||    60
       Scale mail        |       |    73 ||    73
Dodge: Dodged            |    34 |    25 ||    59
Block: Large shield      |    53 |    56 ||   109
